 Dungeon Crawl Stone Soup version 0.24.0-1-gfbc8707122 (webtiles) character file.

Game seed: 4816916097004784616, levelgen mode: deterministic

23 Mrkan the Skirmisher (level 2, 0/27 HPs)
             Began as a Draconian Fighter on Oct 25, 2019.
             Slain by a goblin
             ... wielding a +0 club
              (4 damage)
             ... on level 1 of the Dungeon.
             The game lasted 00:01:14 (493 turns).

Mrkan the Skirmisher (Draconian Fighter)             Turns: 493, Time: 00:01:15

Health: 0/27       AC:  4    Str: 18    XL:     2   Next: 75%
Magic:  2/2        EV: 10    Int:  8    God:
Gold:   46         SH:  9    Dex: 10    Spells: 1/1 levels left

rFire    . . .     SeeInvis .   a - +0 long sword
rCold    . . .     Gourm    .   b - +0 shield
rNeg     . . .     Faith    .   (armour unavailable)
rPois    .         Spirit   .   (helmet restricted)
rElec    .         Reflect  .   (no cloak)
rCorr    .         Harm     .   (no gloves)
MR       .....                  (no boots)
Stlth    +.........             (no amulet)
HPRegen  0.09/turn              (no ring)
MPRegen  0.08/turn              (no ring)

@: lethally poisoned (0 -> -6)
A: unfitting armour, cold-blooded, AC +4
a: no special abilities


You were on level 1 of the Dungeon.
You were not hungry.

You visited 1 branch of the dungeon, and saw 1 of its levels.

You collected 46 gold pieces.

Inventory:

Hand Weapons
 a - a +0 long sword (weapon)
Armour
 b - a +0 shield (worn)
Scrolls
 e - a scroll of remove curse {unknown}
Potions
 c - a potion of might
 g - a potion of mutation {unknown}
Comestibles
 d - 2 rations
 f - a chunk of flesh


   Skills:
 + Level 3.9 Fighting
 - Level 2.0 Long Blades
 - Level 2.6 Dodging
 + Level 3.5 Shields


You had one spell level left.
You didn't know any spells.
Your spell library was empty.

Dungeon Overview and Level Annotations

Branches:
Dungeon (1/15)

Altars:


Innate Abilities, Weirdness & Mutations

Your plain brown scales are hard. (AC +4)
You cannot fit into any form of body armour.
You are cold-blooded and may be slowed by cold attacks.


Message History

A goblin comes into view. It is wielding a +0 club.
Found a bubbling purple potion and a scroll labeled CUEPSO SAPEUCW.
You closely miss the kobold. You block the kobold's attack.
You closely miss the kobold. The kobold completely misses you.
The kobold hits you with a +2 short sword of electrocution.
You are electrocuted!!
Ouch! That really hurt!
* * * LOW HITPOINT WARNING * * *
You hit the kobold but do no damage. You block the kobold's attack.
You barely miss the kobold. You block the kobold's attack.
You slash the kobold!
You kill the kobold!
Your shield prevents you from hitting the kobold.
Your tail-slap misses the kobold.
The kobold hits you but does no damage.
You are lethally poisoned!
You slash the kobold!
You kill the kobold!
* * * LOW HITPOINT WARNING * * *
You feel sick. The goblin hits you with a +0 club.
You die...

#..# #9#.#g# #########
#..#####.### # ...#.....##
#..##d#..#n##### ?!...........##
#..####.#####... .....(........#
#..##^#.#i# #... ..............#
#†.####.### #... ..............#
#..##^#.#K# ##..
..............####..####.######..
...............g@...##N#...#H##..
..............###...######.####..
.............## #...## #M#.#^##..
#...........## #..(.#####.####..
#########..).####......##÷..##...
#......†..............).>.'....
#...................(##...##...
#............##.......#####....
#......................#f#.....


You could see a goblin.

Vanquished Creatures
  6 bats (D:1)
  A giant cockroach (D:1)
  A hobgoblin (D:1)
  4 kobolds (D:1)
  A ball python (D:1)
  5 goblins (D:1)
  4 rats (D:1)
22 creatures vanquished.

Notes
Turn   | Place    | Note
-------+----------+-------------------------------------------
     0 | D:1      | Mrkan the Draconian Fighter began the quest for the Orb.
     0 | D:1      | Reached XP level 1. HP: 19/19 MP: 1/1
     0 | D:1      | Noticed a vampire
     2 | D:1      | Noticed a dwarf
     4 | D:1      | Noticed a ghoul
     5 | D:1      | Noticed a minotaur
     6 | D:1      | Noticed a minotaur
     8 | D:1      | Noticed a formicid
    10 | D:1      | Noticed a gargoyle
    10 | D:1      | Noticed a dwarf
    12 | D:1      | Noticed a draconian
    12 | D:1      | Noticed a ghoul
    14 | D:1      | Noticed a spriggan
    16 | D:1      | Noticed a minotaur
    18 | D:1      | Noticed a naga
    20 | D:1      | Noticed a vine stalker
    50 | D:1      | Reached XP level 2. HP: 12/26 MP: 2/2
   493 | D:1      | Slain by a goblin

Levels and vault maps discovered:
D:1:      shiori_arrival_whats_in_store_for_you, layout_rooms,
          chequers_mini_garden

Action                   || total
-------------------------++-------
Melee: Long sword        ||    66
       Tailslap          ||     5
Armor: Skin              ||    44
Dodge: Dodged            ||    45
Block: Shield            ||    51
       Rpst.: Long sword ||    18
